 Dungeon Crawl Stone Soup version 0.26-a0-683-g5206c1d7ac (console) character file.

Game seed: 2619096312495746803

11 Hempel the Cudgeler (level 2, 0/25 HPs)
             Began as a Minotaur Gladiator on Oct 22, 2020.
             Slain by a hobgoblin (1 damage)
             ... on level 1 of the Dungeon.
             The game lasted 00:00:54 (203 turns).

Hempel the Cudgeler (Minotaur Gladiator)             Turns: 203, Time: 00:00:56

Health: 0/25       AC:  3    Str: 18    XL:     2   Next: 13%
Magic:  1/1        EV: 13    Int:  5    God:
Gold:   37         SH:  0    Dex: 11    Spells: 1/1 levels left

rFire    . . .     SeeInvis .   a - +0 flail
rCold    . . .     Faith    .   (no shield)
rNeg     . . .     Spirit   .   b - +0 leather armour
rPois    .         Reflect  .   c - +0 hat
rElec    .         Harm     .   (no cloak)
rCorr    .         Rampage  .   (no gloves)
MR       .....                  (no boots)
Stlth    +.........             (no amulet)
HPRegen  0.08/turn              (no ring)
MPRegen  0.07/turn              (no ring)

@: no status effects
A: retaliatory headbutt, horns 2
a: no special abilities


You were on level 1 of the Dungeon.
You visited 1 branch of the dungeon, and saw 1 of its levels.

You collected 37 gold pieces.

Inventory:

Hand Weapons
 a - a +0 flail (weapon)
Missiles
 d - 3 throwing nets (quivered) {!f}
Armour
 b - a +0 leather armour (worn)
 c - a +0 hat (worn)
Potions
 e - a potion of curing {unknown}
 f - a potion of ambrosia {unknown}


   Skills:
 + Level 2.7 Fighting
 + Level 3.8 Maces & Flails
 + Level 2.2 Throwing
 + Level 3.4 Dodging


You had one spell level left.
You didn't know any spells.
Your spell library was empty.

Dungeon Overview and Level Annotations

Branches:
Dungeon (1/15)

Altars:


Innate Abilities, Weirdness & Mutations

You reflexively headbutt those who attack you in melee.
You have a pair of horns on your head.


Message History

A kobold is nearby!
The kobold shouts!
The kobold throws a stone.
The stone misses you.
A bat comes into view.
The kobold throws a stone.
The stone barely misses you.
You see here 9 gold pieces.
A goblin comes into view. It is wielding a +0 dagger.
The goblin shouts!
You hear a shout!
The bat hits you.
The kobold throws a stone.
The stone completely misses you. The bat closely misses you.
You furiously retaliate!
You headbutt the bat!
You kill the bat!
You have reached level 2!
A hobgoblin and a kobold come into view.
The kobold shouts!
The kobold throws a stone.
The stone closely misses you.
The kobold throws a stone.
The stone hits you.
You see here a stone.
The kobold barely misses you.
A frilled lizard comes into view.
The frilled lizard hisses angrily.
You sock the goblin!
You kill the goblin!
The kobold hits you with a cursed +0 short sword.
The kobold closely misses you.
The kobold hits you with a cursed +0 short sword.
You closely miss the kobold. The kobold barely misses you. The kobold hits you.
You closely miss the kobold. The kobold completely misses you.
The kobold closely misses you. The hobgoblin barely misses you.
You hit the kobold.
You kill the kobold!
The kobold hits you but does no damage. The hobgoblin hits you.
You hit the hobgoblin but do no damage. The kobold hits you but does no damage.
The hobgoblin misses you.
The kobold hits you with a cursed +0 short sword.
* * * LOW HITPOINT WARNING * * *
You barely miss the hobgoblin. The hobgoblin hits you.
* * * LOW HITPOINT WARNING * * *
The kobold misses you.
You closely miss the hobgoblin. The hobgoblin hits you.
* * * LOW HITPOINT WARNING * * *
The frilled lizard closely misses you. You furiously retaliate!
You headbutt the frilled lizard.
You kill the frilled lizard!
The kobold barely misses you. You furiously retaliate!
You headbutt the kobold. The hobgoblin hits you.
* * * LOW HITPOINT WARNING * * *
You hit the hobgoblin but do no damage.
The kobold hits you with a cursed +0 short sword.
* * * LOW HITPOINT WARNING * * *
The hobgoblin misses you.
You hit the hobgoblin but do no damage. The kobold hits you but does no damage.
The hobgoblin hits you.
* * * LOW HITPOINT WARNING * * *
You hit the hobgoblin but do no damage. You headbutt the hobgoblin.
The kobold hits you but does no damage. The hobgoblin hits you.
You die...

..........##
#.........
####......#
.......
#....>..### ..#
#.........#
.###.(((...#...
...........###..
..###..$.#..## #
..####..###..##
................
........(.......
........@g......
........†K......
................
................
................
...............
...............
...............


You could see a hobgoblin and a kobold.

Vanquished Creatures
  A leopard gecko (D:1)
  3 goblins (D:1)
  A hobgoblin (D:1)
  A bat (D:1)
  3 frilled lizards (D:1)
  A kobold (D:1)
10 creatures vanquished.

Notes
Turn   | Place    | Note
-------+----------+-------------------------------------------
     0 | D:1      | Hempel the Minotaur Gladiator began the quest for the Orb.
     0 | D:1      | Reached XP level 1. HP: 18/18 MP: 0/0
   190 | D:1      | Reached XP level 2. HP: 24/25 MP: 1/1
   202 | D:1      | HP: 1/25 [hobgoblin (2)]
   203 | D:1      | Slain by a hobgoblin

Illustrated notes

Levels and vault maps discovered:
D:1:      nzn_arrival_depleted_hourglass, layout_rooms

Action                   || total
-------------------------++-------
Melee: Flail             ||    19
       Headbutt          ||     1
Armor: Leather armour    ||     8
Dodge: Dodged            ||    22

Table legend: (Time is in decaauts)
 A = Elapsed time spent in this place.
 B = Non-inter-level travel time spent in this place.
 C = Inter-level travel time spent in this place.
 D = Time resting spent in this place.
 E = Time spent auto-exploring this place.
 F = Levels seen in this place.
 G = Mean time per level.
                   A        B        C        D        E       F      G
               +--------+--------+--------+--------+--------+-----+--------+
         Total |    206 |    206 |      0 |      0 |    162 |   1 |  206.0 |
       Dungeon |    206 |    206 |      0 |      0 |    162 |   1 |  206.0 |
               +--------+--------+--------+--------+--------+-----+--------+

Top non-repeatable levels by time:
     D:1: 206 daAuts
